 Dungeon Crawl Stone Soup version 0.21.1-1-g345015fe64 (webtiles) character file.

63 Brecoman the Skirmisher (level 4, 0/37 HPs)
             Began as a Formicid Abyssal Knight on June 21, 2018.
             Was a Follower of Lugonu.
             Slain by a worm (8 damage)
             ... on level 2 of the Dungeon.
             The game lasted 00:05:27 (1196 turns).

Brecoman the Skirmisher (Formicid Abyssal Knight)   Turns: 1196, Time: 00:05:28

Health: 0/37       AC:  4    Str: 17    XL:     4   Next: 30%
Magic:  5/5        EV: 11    Int: 12    God:    Lugonu [*.....]
Gold:   72         SH:  0    Dex: 10    Spells: 3/3 levels left

rFire    . . .     SeeInvis +   a - +2 hand axe
rCold    . . .     Gourm    .   (no shield)
rNeg     . . .     Faith    .   b - +0 leather armour
rPois    +         Spirit   .   (helmet unavailable)
rElec    .         Reflect  .   (no cloak)
rCorr    .         Harm     .   (no gloves)
MR       +....                  f - +0 pair of boots
Stlth    +.........             (no amulet)
HPRegen  0.12/turn              e - ring of protection from magic
MPRegen  0.09/turn              j - ring of poison resistance

@: no status effects
A: permanent stasis, dig shafts and tunnels, four strong arms, antennae 3
a: Dig, Shaft Self, Depart the Abyss, Renounce Religion


You were on level 2 of the Dungeon.
You worshipped Lugonu.
Lugonu was aware of your devotion.
You were not hungry.

You visited 1 branch of the dungeon, and saw 2 of its levels.
You visited the Abyss 1 time.

You collected 72 gold pieces.

Inventory:

Hand Weapons
 a - a +2 hand axe (weapon)
Missiles
 d - 66 stones (quivered)
Armour
 b - a +0 leather armour (worn)
 f - a +0 pair of boots (worn)
Jewellery
 e - a ring of protection from magic (left hand)
 j - a ring of poison resistance (right hand)
Potions
 h - a potion of curing
 k - a potion of brilliance {unknown}
 l - a potion of might {unknown}
Comestibles
 c - 4 rations


   Skills:
 + Level 3.9 Fighting
 + Level 3.0 Axes
 + Level 2.4 Armour
 + Level 1.7 Dodging
 + Level 2.3 Invocations


You had 3 spell levels left.
You didn't know any spells.

Dungeon Overview and Level Annotations

Branches:
Dungeon (2/15)

Altars:


Innate Abilities, Weirdness & Mutations

You cannot be hasted, slowed, berserked, paralysed or teleported.
You can dig through walls and to a lower floor.
Your four strong arms can wield two-handed weapons with a shield.
You have a pair of large antennae on your head. (SInv)


Message History

You kill the adder!
Lugonu accepts your kill.
Your Axes skill increases to level 3!
You closely miss the adder. The adder bites you.
The adder bites you but does no damage.
You hit the adder.
The adder is almost dead.
You hit the worm. The adder bites you. The worm barely misses you.
You closely miss the adder.
The adder is almost dead.
You hit the worm. The adder bites you but does no damage. The adder bites you.
The worm bites you!
* * * LOW HITPOINT WARNING * * *
You miss the adder.
The adder is almost dead.
You hit the worm. The adder misses you.
You barely miss the adder.
The adder is almost dead.
You slash the worm! The adder barely misses you. The worm bites you!
You die...

#.............
#.............
##............#
..............#
..............#
..............#
#......w.....#
#.....@S)....#
#.....†..>...#
#......%.....##########
#.....................#
#########..........)#.#
#...........#.#
#......<....#.#
#...........#.#
#...........'.#


You could see a worm and an adder.

Vanquished Creatures
  2 adders (D:2)
  A worm (D:2)
  A dart slug (D:1)
  2 leopard geckos (D:1)
  3 giant cockroaches (D:1)
  A hobgoblin (D:1)
  8 jackals (D:1)
  6 bats (D:1)
  A frilled lizard (D:1)
  3 goblins
  3 kobolds
  7 rats
38 creatures vanquished.

Notes
Turn   | Place    | Note
-------+----------+-------------------------------------------
     0 | Abyss:1  | Brecoman the Formicid Abyssal Knight began the quest for the Orb.
     0 | Abyss:1  | Reached XP level 1. HP: 18/18 MP: 2/2
    59 | Abyss:1  | Noticed a wight
    91 | Abyss:1  | Noticed a wraith
    94 | D:1      | Escaped the Abyss
   200 | D:1      | Reached XP level 2. HP: 23/24 MP: 3/3
   224 | D:1      | Reached skill level 1 in Dodging
   283 | D:1      | Reached * piety under Lugonu
   376 | D:1      | Reached XP level 3. HP: 20/30 MP: 4/4
  1017 | D:2      | Reached XP level 4. HP: 16/37 MP: 5/5
  1196 | D:2      | Slain by a worm

Skill      XL: |  1  2  3  4 |
---------------+-------------+-----
Dodging        | 1 |  1.7
Axes           | 3 |  3.0
Fighting       | |  3.9
Armour         | |  2.4
Invocations    | |  2.3

Action                   |  1- 3 |  4- 6 || total
-------------------------+-------+-------++-------
Melee: Hand axe          |   133 |    16 ||   149
Invok: Depart the Abyss  |     1 |       ||     1
 Abil: Dig               |     4 |       ||     4
  Use: Scroll            |     4 |       ||     4
  Eat: Chunk             |     1 |     1 ||     2
Armor: Leather armour    |    55 |     7 ||    62
Dodge: Dodged            |   116 |    15 ||   131
